 Dungeon Crawl Stone Soup version bcrawl-1.27.6 (webtiles) character file.

Game seed: 3602213685303655159

9042840 Faustar the Pyromancer (level 23, -51/153 HPs)
             Began as a Fairy Conjurer on Sept 27, 2020.
             Was the Champion of Vehumet.
             Killed from afar by Xtahua (81 damage)
             ... with a great blast of fire
             ... on level 3 of the Vaults.
             The game lasted 03:58:20 (45209 turns).

Faustar the Pyromancer (Fairy Conjurer)            Turns: 45209, Time: 03:58:21

Health: -51/153    AC: 15    Str:  6    XL:     23   Next: 39%
Magic:  11/49      EV: 37    Int: 36    God:    Vehumet [******]
Gold:   2278       SH: 10    Dex: 19    Spells: 6/63 levels left

rFire    x . .     SeeInvis +   U - staff of conjuration
rCold    . . .     Gourm    .   (shield currently unavailable)
rNeg     . . .     Faith    .   (armour unavailable)
rPois    +         Spirit   .   V - +0 hat {SInv}
rElec    .         Reflect  .   z - scarf {repulsion}
rCorr    .         Harm     .   h - +2 pair of gloves
MR       ++++.                  Q - +1 pair of boots
Stlth    ++........             H - amulet of the acrobat
HPRegen  0.35/turn              E - ring of poison resistance
MPRegen  0.31/turn              M - ring of the Mage {Wiz MR++ Int+3}

@: brilliant, agile, fire vulnerable, flying evasively, repel missiles
A: small, magic attunement, unstealthy, unfitting armour, able to fly, AC/SH +10
}: 2/15 runes: decaying, gossamer
a: Stop Flying, Renounce Religion


You were on level 3 of the Vaults.
You worshipped Vehumet.
Vehumet was exalted by your worship.
You were not hungry.

You visited 10 branches of the dungeon, and saw 35 of its levels.
You visited 1 bazaar.
You also visited: Bailey, Volcano and Wizlab.

You collected 4267 gold pieces.
You spent 1989 gold pieces at shops.

Inventory:

Armour
 h - a +2 pair of gloves (worn)
 z - a scarf of repulsion (worn)
 Q - a +1 pair of boots (worn)
 V - a +0 hat of see invisible (worn)
Magical Staves
 U - an uncursed staff of conjuration (weapon)
Jewellery
 d - a +4 amulet of reflection
 m - an uncursed ring of fire
 q - an uncursed ring of protection from fire
 u - an uncursed ring of protection from magic
 E - a ring of poison resistance (left hand)
 H - an amulet of the acrobat (around neck)
 J - an uncursed amulet of rage
 M - the ring of the Mage (right hand) {Wiz MR++ Int+3}
   (You bought it in a shop in the Orcish Mines)

   [ring of wizardry]

   It improves your spell success rate.
   It affects your intelligence (+3).
   It affects your resistance to hostile enchantments.
 P - the ring "Peciy" {rElec MR- rCorr Dex+6}
   (You found it on level 3 of the Elven Halls)

   [ring of resist corrosion]

   It affects your dexterity (+6).
   It insulates you from electricity.
   It affects your resistance to hostile enchantments.
   It provides partial protection from all sources of acid and corrosion.
 S - an uncursed ring of resist corrosion
Wands
 v - a wand of polymorph (20)
 w - a wand of iceblast (32)
 x - a wand of paralysis (2)
 y - a wand of enslavement (16)
 G - a wand of flame (64)
 R - a wand of disintegration (17)
 Z - a wand of digging (8)
Scrolls
 c - 11 scrolls of teleportation
 g - 7 scrolls of fog
 i - 2 scrolls of magic mapping
 j - 23 scrolls of remove curse
 k - 4 scrolls of enchant weapon
 n - 11 scrolls of enchant armour
 t - 6 scrolls of amnesia
 A - 5 scrolls of fear
 B - 4 scrolls of blinking
 C - 5 scrolls of immolation
 Y - 3 scrolls of summoning
Potions
 a - 7 potions of brilliance
 b - 3 potions of magic
 f - 14 potions of heal wounds
 l - 7 potions of berserk rage
 o - 2 potions of might
 p - 4 potions of agility
 r - 4 potions of haste
 s - 2 potions of resistance
 F - a potion of cancellation
 I - a potion of invisibility
 K - 6 potions of curing
 T - 2 potions of flight
 X - 5 potions of ambrosia
Miscellaneous
 D - a lamp of fire
 L - 2 phantom mirrors
 N - a lightning rod (4/4)
 O - a sack of spiders
 W - a phial of floods
Comestibles
 e - 59 rations {!d}


   Skills:
 - Level 12.0 Fighting
 - Level 15.0 Dodging
 - Level 1.5 Stealth
 + Level 20.7 Spellcasting
 - Level 22.1 Conjurations
   Level 5.0 Hexes
 - Level 6.0 Charms
 - Level 6.0 Necromancy
 - Level 23.4 Fire Magic
 - Level 11.3 Ice Magic
 - Level 10.0 Air Magic


You had 6 spell levels left.
You knew the following spells:

 Your Spells              Type           Power        Failure   Level  Hunger
a - Magic Dart            Conj           ####         0%          1    None
b - Searing Ray           Conj           ########     0%          2    None
c - Fire Storm            Conj/Fire      ########..   1%          9    None
d - Conjure Flame         Conj/Fire      ########     0%          3    None
e - Fireball              Conj/Fire      ########..   0%          5    None
f - Mephitic Cloud        Conj/Pois/Air  ########     0%          3    None
g - Airstrike             Air            #######...   1%          4    None
h - Bolt of Fire          Conj/Fire      ########..   0%          6    None
i - Orb of Destruction    Conj           ########..   0%          7    None
j - Freezing Cloud        Ice/Air        #######...   1%          6    None
k - Regeneration          Chrm/Necr      #######...   1%          3    None
l - Ignition              Fire           ########..   1%          8    None

Your spell library contained the following spells:

 Spells                   Type           Power        Failure   Level  Hunger
 Chain Lightning          Conj/Air       ########..   1%          8    None
 Glaciate                 Conj/Ice/Air   ########..   1%          8    None
 Flame Tongue             Conj/Fire      #####        0%          1    None
 Shock                    Conj/Air       #####        0%          1    None
 Sting                    Conj/Pois      ####         0%          1    None
 Flaming Arrows           Chrm/Fire      ########     0%          2    None
 Dazzling Orbs            Conj/Hex       #######      0%          3    None
 Inner Flame              Hex/Fire       N/A          0%          3    None
 Iskenderun's Mystic Bla  Conj           ########     0%          3    None
 Stone Arrow              Conj/Erth      ######       0%          3    None
 Fulminant Prism          Conj/Hex       ########..   0%          4    None
 Sticky Flame             Conj/Fire      ########     0%          4    None
 Bolt of Draining         Conj/Necr      ########..   0%          5    None
 Iskenderun's Battlesphe  Conj/Chrm      ########     0%          5    None
 Lightning Bolt           Conj/Air       ########..   0%          5    None
 Animate Skeleton         Necr           N/A          1%          1    None
 Beastly Appendage        Tmut           ######       1%          1    None
 Pain                     Necr           ######       1%          1    None
 Sandblast                Erth           ######       1%          1    None
 Summon Small Mammal      Summ           ####         1%          1    None
 Call Imp                 Summ           ######       1%          2    None
 Passwall                 Tmut/Erth      ######..     1%          2    None
 Poisonous Vapours        Pois/Air       ######       1%          2    None
 Sticks to Snakes         Tmut           ######..     1%          2    None
 Swiftness                Chrm/Air       #######.     1%          2    None
 Beckoning                Tloc           ######....   1%          3    None
 Call Canine Familiar     Summ           ######..     1%          3    None
 Confuse                  Hex            #######.     1%          3    None
 Ignite Poison            Fire/Tmut/Pois #######.     1%          3    None
 Portal Projectile        Tloc           ######       1%          3    None
 Spider Form              Tmut/Pois      ###          1%          3    None
 Static Discharge         Air            #######.     1%          3    None
 Vampiric Draining        Necr           #######...   1%          3    None
 Animate Dead             Necr           N/A          1%          4    None
 Cause Fear               Hex            #######...   1%          4    None
 Force Lance              Tloc           ######..     1%          4    None
 Ice Form                 Ice/Tmut       #######.     1%          4    None
 Olgreb's Toxic Radiance  Pois           ######...    1%          4    None
 Petrify                  Tmut/Erth      ######....   1%          4    None
 Summon Ice Beast         Ice/Summ       #######.     1%          4    None
 Summon Scorpions         Summ/Pois      ######..     1%          4    None
 Yara's Violent Unravell  Hex/Tmut       ######....   1%          4    None
 Blade Hands              Tmut           ######....   1%          5    None
 Irradiate                Conj/Tmut      ########..   1%          5    None
 Lee's Rapid Deconstruct  Erth           ######....   1%          5    None
 Metabolic Englaciation   Hex/Ice        #######...   1%          5    None
 Piercing Shot            Chrm           #######...   1%          5    None
 Silence                  Hex/Air        #######...   1%          5    None
 Summon Lightning Spire   Summ/Air       #######.     1%          5    None
 Venom Bolt               Conj/Pois      ########..   1%          5    None
 Bolt of Cold             Conj/Ice       ########..   1%          6    None
 Conjure Ball Lightning   Conj/Air       ########..   1%          6    None
 Death Channel            Chrm/Necr      #######...   1%          6    None
 Deflect Missiles         Chrm/Air       #######...   1%          6    None
 Iron Shot                Conj/Erth      ########..   1%          6    None
 Ozocubu's Refrigeration  Ice            #######...   1%          6    None
 Poison Arrow             Conj/Pois      ########..   1%          6    None
 Simulacrum               Ice/Necr       #######...   1%          6    None
 Infestation              Hex/Tmut/Pois  ######...    3%          6    None
 Dispersal                Tloc           ######....   5%          6    None
 Icicle Burst             Conj/Ice       ########..   1%          7    None
 Mana Rupture             Conj/Hex       ########..   1%          7    None
 Spellforged Servitor     Conj/Summ      ########..   1%          7    None
 Lehudib's Crystal Spear  Conj/Erth      ########..   1%          8    None
 Haunt                    Necr/Summ      ######....   8%          7    None
 Borgnjor's Revivificati  Necr           #######...   16%         8    None
 Controlled Blink         Tloc           ######..     22%         7    None
 Dragon Form              Tmut           ######.      22%         7    None
 Malign Gateway           Summ/Tloc      ######....   22%         7    None
 Monstrous Menagerie      Summ           ######....   22%         7    None
 Summon Greater Demon     Summ           ######....   22%         7    None
 Discord                  Hex            #######...   22%         8    None
 Necromutation            Tmut/Necr      ######..     41%         8    None
 Summon Horrible Things   Summ           ######....   75%         8    None
 Dragon's Call            Summ           ######....   100%        9    None


Dungeon Overview and Level Annotations

Branches:
Dungeon (12/12)            Temple (1/1) D:5            Lair (6/6) D:7
  Swamp (3/3) Lair:3       Spider (3/3) Lair:2        Slime (0/5) Lair:6
    Orc (1/1) D:9             Elf (3/3) Orc          Vaults (3/3) D:11
  Crypt (1/2) Vaults:2     Depths (2/5) D:12

Altars:
Ashenzari
Cheibriados
Dithmenos
Elyvilon
Fedhas
Gozag
Hepliaklqana
Kikubaaqudgha
Lugonu
Makhleb
Nemelex Xobeh
Okawaru
Qazlal
Ru
Sif Muna
Trog
Uskayaw
Vehumet
Wu Jian
Xom
Yredelemnul
Zin
The Shining One
Beogh
Jiyva

Shops:
D:9 ([   D:11 =   Orc [*(=[*   Elf:2 =**   Elf:3 [   Depths:1 }=}

Portals:
Hell: Depths:1 Depths:2
Abyss: Depths:1 Depths:2
Pandemonium: Depths:1
Trove: D:10 (give 6 scrolls of blinking)

Annotations:
Lair:1 3 runed translucent doors, Quickbrownfox's ghost, journeyman DsAc
Spider:1 exclusion: downstairs
Elf:1 6 runed translucent doors
Elf:2 3 runed doors
Vaults:2 1 runed translucent door, zzzzzzzz's ghost, adept DsFi
Vaults:3 Jory; Xtahua


Innate Abilities, Weirdness & Mutations

Your spells do not cause hunger and MP costs are reduced by 1.
Your bright wings attract enemies. (Stealth-)
You cannot fit into any form of body armour.
Your shimmering scales are hard and can block incoming attacks. (AC +10, SH +10)
You are small and have problems with some larger weapons.
You can fly continuously.


Message History

You are engulfed in blazing flames.
You hear a shout! x2; You hear two shouts!
The sphinx is engulfed in blazing flames.
Jory says, "Hawthorn can't hurt me."
Casting: Fire Storm (safe; 1% risk of failure)
Confirm with . or Enter, or press ? or * to list all spells.
Aiming: Orb of Destruction (safe; 0% risk of failure)
Press: ? - help, Shift-Dir - straight line, f - Xtahua
Aim: Xtahua (flame, moderately wounded, catching her breath)
Okay, then.
Unknown command.
Unknown command.
You are engulfed in blazing flames.
* * * LOW HITPOINT WARNING * * *
Xtahua is engulfed in blazing flames.
Xtahua breathes magma at you.
A raging storm of fire appears!
The lava burns you terribly! The great blast of fire engulfs you!!!!
Ouch! That really hurt!
You die...

#....#.vc
○###○...#..#
#V○#°.v.#.)#
#○.°vvv.°.)
##..)[[.v.#####
....○v.vH....[.
..[.D<<[.......
.°○.○v.@v.[....
.☼v..°v[[[.....
##v°○☼.vv☼#####
.○○○○v[[v☼○#
##○#v☼[.#○☼# #
#....##v○
#....# #○☼
#....# ..#


You could see Xtahua, Jory, a sphinx, a yaktaur captain and 19 friendly fire
vortices.

Vanquished Creatures
  Nikola (Vaults:1)
  A tentacled monstrosity (Depths:2)
  A lich (Depths:2)
  2 deep elf master archers (Elf:3)
  An ancient champion (Crypt:1)
  A sphinx (Depths:2)
  3 thorn hunters (Swamp:3)
  A storm dragon (Vaults:3)
  3 frost giants
  12 deep elf sorcerers
  A balrug (Depths:2)
  2 fire giants
  A hydra zombie (Swamp:3)
  4 ghost moths (Spider:3)
  4 vault wardens
  3 orc warlords
  7 emperor scorpions (Spider:3)
  11 stone giants
  8 ghouls
  3 deep elf elementalists (Elf:3)
  3 ironheart preservers
  The ghost of petercordia2 the Grappler, a journeyman DrTm of Okawaru (D:11)
  Aizul (Swamp:1)
  14 very ugly things
  Nessos (Orc)
  9 deep elf demonologists
  2 vampire knights
  7 deep elf annihilators (Elf:3)
  5 entropy weavers
  11 purple draconians (WizLab)
  9 spark wasps
  5 deep elf death magi (Elf:3)
  Snorg (D:11)
  9 statues (WizLab)
  2 ettins
  A merfolk javelineer (Depths:2)
  8 yaktaur captains
  2 quicksilver dragon zombies (Swamp:3)
  4 deep elf high priests
  A great orb of eyes (Depths:1)
  6 fire dragons
  4 rakshasas
  2 ghost crabs
  36 vault guards
  3 ice dragons
  6 ogre magi
  14 hydras
  4 shambling mangroves
  8 centaur warriors
  3 spriggan air magi
  11 alligators
  3 catoblepae (Lair:6)
  19 two-headed ogres
  4 deep troll shamans
  4 death knights
  11 dancing weapons
  6 tengu warriors
  A vampire mage (Depths:2)
  9 death yaks
  7 orc high priests
  2 deep troll earth magi
  A queen ant (Lair:5)
  A spriggan berserker (Depths:1)
  A spriggan (Depths:1)
  2 sun demons (Depths:2)
  Sonja (Lair:5)
  3 skeletal warriors (Crypt:1)
  A storm dragon zombie (Vaults:2)
  21 deep elf knights
  9 deep trolls
  2 shadow wraiths
  2 goliath frogs
  5 hell knights
  An iron troll (Depths:2)
  An unseen horror (shapeshifter) (Vaults:1)
  An anaconda zombie (Swamp:3)
  A death drake (shapeshifter) (Elf:2)
  3 unseen horrors
  2 spriggan druids (Swamp:3)
  A swamp dragon (shapeshifter) (D:12)
  12 swamp dragons
  A wizard (Vaults:1)
  3 glowing orange brains
  8 spectral hydras (Swamp:3)
  8 phantasmal warriors
  A flayed ghost (Depths:2)
  4 orange crystal statues
  22 deep elf archers
  7 orc knights
  18 orb spiders
  11 ironbrand convokers
  27 ugly things
  7 harpies
  2 necromancers (Vaults:2)
  32 wolf spiders
  5 cyclopes
  76 deep elf magi
  An anaconda skeleton (Swamp:3)
  3 oklob plants (Swamp:3)
  4 orc sorcerers
  A wolf spider zombie (D:11)
  A human zombie (Vaults:2)
  16 elephants
  3 manticores
  A moth of wrath (Spider:3)
  4 black mambas
  Maurice (D:8)
  2 vault sentinels (Vaults:1)
  2 rime drakes
  A centaur skeleton (D:11)
  6 demonic crawlers
  15 cane toads
  3 freezing wraiths (Swamp:3)
  An efreet (D:11)
  20 yaktaurs
  9 komodo dragons
  3 kobold demonologists (D:9)
  A komodo dragon (shapeshifter) (Vaults:1)
  A yaktaur (shapeshifter) (D:12)
  3 tengu conjurers (Depths:1)
  4 trolls
  3 meliai (Spider:2)
  30 jumping spiders
  A queen bee (shapeshifter) (Depths:1)
  A queen bee (Spider:2)
  6 tyrant leeches
  23 hornets
  7 hippogriffs
  A hornet (shapeshifter) (Vaults:2)
  4 bog bodies
  A hydra skeleton (Swamp:3)
  A sphinx simulacrum (Vaults:1)
  23 slime creatures
  5 blink frogs (Lair:4)
  22 tarantellas
  4 air elementals
  6 water elementals
  A shadow (D:11)
  3 flying skulls (Crypt:1)
  2 wraiths
  67 redbacks
  2 wyverns
  2 basilisks
  4 fire elementals
  2 humans (shapeshifter)
  A hungry ghost (D:12)
  3 steam dragons
  53 yaks
  Grum (Lair:1)
  25 vampire mosquitoes
  2 wargs
  An acid dragon (D:10)
  9 soldier ants (Lair:5)
  An acid dragon (shapeshifter) (D:12)
  10 swamp worms
  12 crocodiles
  10 water moccasins
  An ice beast (D:6)
  5 porcupines
  8 swamp drakes
  A floating eye (Depths:1)
  A hornet zombie (D:6)
  48 orc warriors
  An ettin simulacrum (Vaults:2)
  18 ogres
  5 necrophages
  5 phantoms
  An eye of draining (shapeshifter) (Depths:1)
  8 sky beasts
  14 boggarts
  7 wolves
  18 centaurs
  2 big kobolds (D:9)
  11 bullfrogs
  5 earth elementals
  A deep troll simulacrum (Vaults:2)
  A human skeleton (Vaults:2)
  A water moccasin zombie (D:7)
  A scorpion (D:7)
  A hornet simulacrum (D:12)
  2 human simulacra
  20 killer bees
  8 electric eels
  11 wights
  3 howler monkeys (D:11)
  5 crimson imps
  5 centaur zombies
  A quasit (D:12)
  12 hounds
  A jelly (D:7)
  26 orc priests
  2 bullfrog zombies
  A bullfrog skeleton (D:5)
  3 iguanas
  An iron imp (Depths:1)
  28 worker ants
  44 orc wizards
  A mummy (D:7)
  17 adders
  2 gnolls (Bailey)
  A howler monkey skeleton (D:4)
  3 shadow imps
  An ooze (D:7)
  An adder zombie (D:7)
  3 adder skeletons
  9 worms
  3 dart slugs
  4 leopard geckos
  90 orcs
  2 ball pythons
  2 giant cockroaches
  14 goblins
  14 hobgoblins
  18 jackals
  2 quokkas
  7 bats
  3 frilled lizards
  A jackal zombie (D:7)
  22 kobolds
  A quokka zombie (D:6)
  7 rats
  A fire vortex (Depths:2)
  2 fulminant prisms
  4 plants
1659 creatures vanquished.

Vanquished Creatures (collateral kills)
  A shadow dragon (Vaults:3)
  A frost giant (Depths:2)
  A deep elf sorcerer (Elf:3)
  A stone giant (Depths:2)
  A very ugly thing (Depths:2)
  A great orb of eyes (Depths:1)
  An ice dragon (Depths:1)
  A tengu warrior (Depths:1)
  A deep troll (Depths:1)
  A hell knight (Vaults:2)
  2 wolf spiders
  An ugly thing (Depths:2)
  A deep elf mage (Elf:3)
  A vault sentinel (Vaults:1)
  A demonic crawler (Spider:1)
  A jumping spider (Spider:3)
  3 slime creatures (Vaults:1)
  4 redbacks
  3 tarantellas
  An orc priest (Orc)
28 creatures vanquished.

Vanquished Creatures (others)
  A deep elf elementalist (Elf:3)
  A deep elf high priest (Elf:3)
  3 deep elf knights (Elf:3)
  A deep elf mage (WizLab)
  5 bushes
  99 fire vortices
  220 fulminant prisms
  A fungus (Lair:5)
  36 plants
367 creatures vanquished.

Grand Total: 2054 creatures vanquished

Notes
Turn   | Place    | Note
-------+----------+-------------------------------------------
     0 | D:1      | Faustar the Fairy Conjurer began the quest for the Orb.
     0 | D:1      | Reached XP level 1. HP: 11/11 MP: 6/6
    54 | D:1      | Reached skill level 5 in Conjurations
    61 | D:1      | Reached XP level 2. HP: 17/17 MP: 8/8
   306 | D:1      | Reached XP level 3. HP: 21/21 MP: 10/10
   675 | D:2      | Learned a level 2 spell: Searing Ray
   685 | D:2      | Noticed an ogre
   690 | D:2      | Killed an ogre
   690 | D:2      | Reached XP level 4. HP: 27/27 MP: 5/12
   690 | D:2      | Reached XP level 5. HP: 31/31 MP: 5/14
   755 | D:2      | Learned a level 4 spell: Fulminant Prism
  1194 | D:3      | Found a sparkling altar of Nemelex Xobeh.
  1211 | D:2      | Reached skill level 1 in Hexes
  1655 | D:3      | Found a sacrificial altar of Ru.
  1726 | D:4      | Reached XP level 6. HP: 36/36 MP: 7/15
  1733 | D:4      | Noticed a sky beast
  1740 | D:4      | Killed a sky beast
  2022 | D:4      | Noticed a phantom
  2028 | D:4      | Killed a phantom
  2028 | D:4      | Reached XP level 7. HP: 41/41 MP: 13/16
  2414 | D:5      | Entered Level 5 of the Dungeon
  2456 | D:5      | Reached skill level 5 in Hexes
  2456 | D:5      | Reached XP level 8. HP: 44/46 MP: 1/17
  2466 | D:5      | Reached skill level 5 in Spellcasting
  2912 | D:5      | Found a shadowy altar of Dithmenos.
  3220 | D:5      | Found a staircase to the Ecumenical Temple.
  3356 | Temple   | Entered the Ecumenical Temple
  3446 | Temple   | Became a worshipper of Vehumet
  3681 | D:6      | Reached skill level 5 in Dodging
  3731 | D:6      | Reached XP level 9. HP: 35/51 MP: 15/23
  3950 | D:6      | Learned a level 3 spell: Conjure Flame
  3956 | D:6      | Learned a level 5 spell: Fireball
  4357 | D:6      | Reached * piety under Vehumet
  4357 | D:6      | Offered knowledge of Shock by Vehumet.
  4446 | D:7      | Noticed a troll
  4451 | D:7      | Killed a troll
  4451 | D:7      | Reached skill level 10 in Dodging
  4451 | D:7      | Reached skill level 1 in Fire Magic
  4493 | D:7      | Reached skill level 2 in Fire Magic
  4647 | D:7      | Reached skill level 3 in Fire Magic
  4734 | D:7      | Found a staircase to the Lair.
  4735 | D:7      | Noticed a komodo dragon
  4743 | D:7      | Reached skill level 4 in Fire Magic
  4756 | D:7      | Killed a komodo dragon
  4756 | D:7      | Reached skill level 5 in Fire Magic
  4773 | D:7      | Reached skill level 6 in Fire Magic
  4893 | D:7      | Reached XP level 10. HP: 56/56 MP: 20/24
  4926 | D:7      | Reached skill level 7 in Fire Magic
  5011 | D:7      | Found a snail-covered altar of Cheibriados.
  5444 | D:8      | Reached ** piety under Vehumet
  5444 | D:8      | Offered knowledge of Sting by Vehumet.
  5444 | D:8      | Reached skill level 8 in Fire Magic
  5635 | D:8      | Noticed a five-headed hydra
  5643 | D:8      | Killed a five-headed hydra
  5643 | D:8      | Reached skill level 9 in Fire Magic
  5663 | D:8      | Reached skill level 10 in Fire Magic
  5914 | D:8      | Noticed Maurice
  5936 | D:8      | Reached skill level 1 in Fighting
  5936 | D:8      | Paralysed by something for 2 turns
  5936 | D:8      | Killed Maurice
  6735 | D:9      | Noticed a wolf spider
  6746 | D:9      | Killed a wolf spider
  6758 | D:9      | Reached skill level 5 in Fighting
  6758 | D:9      | Reached XP level 11. HP: 62/71 MP: 13/25
  6782 | D:9      | Noticed a cyan ugly thing
  6792 | D:9      | Killed a cyan ugly thing
  6883 | D:9      | Noticed a sun demon
  6886 | D:9      | Reached skill level 10 in Conjurations
  6939 | D:9      | Got a serpentine bone ring
  6951 | D:9      | Offered knowledge of Throw Frost by Vehumet.
  6961 | D:9      | Reached *** piety under Vehumet
  7180 | D:9      | Found Xyhaag's Armour Shop.
  7180 | D:9      | Found a staircase to the Orcish Mines.
  7180 | D:9      | Found Iffal's Weapon Shop.
  7408 | Lair:1   | Entered Level 1 of the Lair of Beasts
  7414 | Lair:1   | Noticed Grum
  7417 | Lair:1   | Killed Grum
  7491 | Lair:1   | Got a scorched brass ring
  7492 | Lair:1   | Identified the ring "Aghuipaur" {+Fly rPois Str-3 Stlth--}
                  | (You found it on level 9 of the Dungeon)
  7494 | Lair:1   | Identified the ring "Paveask" {Ice rN+ MP-9 Dex+4} (You
                  | found it on level 1 of the Lair of Beasts)
  7539 | Lair:1   | Found a runed translucent gate.
  7539 | Lair:1   | Found a runed translucent gate.
  7539 | Lair:1   | Found a runed translucent gate.
  7540 | Lair:1   | Noticed a nine-headed hydra
  7540 | Lair:1   | Noticed a ten-headed hydra
  7541 | Lair:1   | Noticed Quickbrownfox's ghost (journeyman DsAc)
  7576 | Lair:1   | Noticed a six-headed hydra
  7583 | Lair:1   | Killed a six-headed hydra
  7583 | Lair:1   | Reached skill level 10 in Spellcasting
  8373 | Lair:2   | Offered knowledge of Mephitic Cloud by Vehumet.
  8414 | Lair:2   | Learned a level 3 spell: Mephitic Cloud
  8487 | Lair:2   | Reached XP level 12. HP: 67/77 MP: 21/29
  8846 | Lair:2   | Found a hole to the Spider Nest.
  9124 | Lair:3   | Found a staircase to the Swamp.
  9128 | Lair:3   | Reached **** piety under Vehumet
  9229 | Lair:3   | Offered knowledge of Throw Icicle by Vehumet.
  9355 | Lair:3   | Noticed a six-headed hydra
  9375 | Lair:3   | Killed a six-headed hydra
  9835 | Lair:4   | Noticed a five-headed hydra
  9839 | Lair:4   | Killed a five-headed hydra
 10132 | Lair:4   | Found a dark tunnel.
 10148 | Volcano  | Entered a volcano
 10154 | Volcano  | Learned a level 4 spell: Airstrike
 10177 | Volcano  | Noticed a centaur warrior
 10181 | Volcano  | Reached skill level 1 in Air Magic
 10182 | Volcano  | Killed a centaur warrior
 10202 | Volcano  | Reached ***** piety under Vehumet
 10202 | Volcano  | Offered knowledge of Bolt of Fire by Vehumet.
 10210 | Volcano  | Learned a level 6 spell: Bolt of Fire
 10299 | Lair:4   | Reached XP level 13. HP: 83/83 MP: 21/31
 11078 | Lair:5   | Got a transparent flail
 11169 | Lair:5   | Noticed Sonja
 11173 | Lair:5   | Killed Sonja
 11419 | Lair:5   | Reached skill level 11 in Fire Magic
 11449 | Lair:5   | Reached skill level 12 in Fire Magic
 11846 | Lair:5   | Got a masterwork quarterstaff
 12028 | Lair:5   | Reached skill level 13 in Fire Magic
 12313 | Lair:6   | Entered Level 6 of the Lair of Beasts
 12364 | Lair:6   | Reached XP level 14. HP: 93/94 MP: 27/33
 12384 | Lair:6   | Found a viscous altar of Jiyva.
 12384 | Lair:6   | Found a staircase to the Slime Pits.
 12490 | Lair:6   | Offered knowledge of Orb of Destruction by Vehumet.
 12609 | Lair:6   | Learned a level 7 spell: Orb of Destruction
 13558 | Lair:6   | Reached skill level 15 in Conjurations
 13996 | Orc      | Entered the Orcish Mines
 14775 | Orc      | Found Liegae's Assorted Antiques.
 14825 | Orc      | Bought a dented zirconium amulet for 180 gold pieces
 14980 | Orc      | Found Ydellat's Antique Armour Shop.
 14983 | Orc      | Bought a glowing helmet for 165 gold pieces
 15177 | Orc      | Reached skill level 15 in Spellcasting
 15183 | Orc      | Noticed Nessos
 15187 | Orc      | Killed Nessos
 15289 | Orc      | Noticed an orc warlord
 15293 | Orc      | Killed an orc warlord
 15301 | Orc      | Offered knowledge of Bolt of Draining by Vehumet.
 15311 | Orc      | Paralysed by an orc sorcerer for 3 turns
 15425 | Orc      | Reached XP level 15. HP: 99/99 MP: 20/36
 15534 | Orc      | Found a staircase to the Elven Halls.
 15656 | Orc      | Found Yjomiaf's General Store.
 15657 | Orc      | Found Nibir's Jewellery Shoppe.
 15658 | Orc      | Found Tikh's Antique Armour Emporium.
 15658 | Orc      | Found Xipent's Antique Weapon Emporium.
 15672 | Orc      | Bought a scroll of identify for 26 gold pieces
 15672 | Orc      | Bought a potion of heal wounds for 65 gold pieces
 15673 | Orc      | Bought the ring of the Mage {Wiz MR++ Int+3} for 536 gold
                  | pieces
 15673 | Orc      | Found the ring of the Mage {Wiz MR++ Int+3}
 16059 | Swamp:1  | Entered Level 1 of the Swamp
 16150 | Swamp:1  | Noticed Aizul
 16155 | Swamp:1  | Killed Aizul
 16972 | Swamp:2  | Reached skill level 10 in Fighting
 17564 | Swamp:3  | Entered Level 3 of the Swamp
 17851 | Swamp:3  | Offered knowledge of Venom Bolt by Vehumet.
 17987 | Swamp:3  | Reached ****** piety under Vehumet
 18208 | Swamp:3  | Noticed a ghoul
 18219 | Swamp:3  | Reached XP level 16. HP: 114/114 MP: 26/37
 19287 | Swamp:3  | Found a basalt altar of Yredelemnul.
 19300 | Swamp:3  | Reached skill level 14 in Fire Magic
 19305 | Swamp:3  | Got a decaying rune of Zot
 19361 | Swamp:3  | Found a blossoming altar of Fedhas.
 19361 | Swamp:3  | Noticed a thorn hunter
 19364 | Swamp:3  | Killed a thorn hunter
 19364 | Swamp:3  | Noticed a thorn hunter
 19370 | Swamp:3  | Noticed a thorn hunter
 19372 | Swamp:3  | Killed a thorn hunter
 19398 | Swamp:3  | Offered knowledge of Conjure Ball Lightning by Vehumet.
 19537 | Swamp:3  | Killed a thorn hunter
 20392 | Elf:1    | Entered Level 1 of the Elven Halls
 20733 | Elf:1    | Reached skill level 15 in Fire Magic
 20750 | Elf:1    | Reached XP level 17. HP: 59/119 MP: 8/40
 20885 | Elf:1    | Reached skill level 15 in Dodging
 21026 | Elf:1    | Found a runed translucent gate.
 21026 | Elf:1    | Found a runed translucent gate.
 21026 | Elf:1    | Found a runed translucent gate.
 21026 | Elf:1    | Found a runed translucent gate.
 21026 | Elf:1    | Found a runed translucent gate.
 21027 | Elf:1    | Found a runed translucent gate.
 21268 | Elf:1    | Reached skill level 16 in Fire Magic
 21661 | Spider:1 | Entered Level 1 of the Spider Nest
 21958 | D:10     | Entered Level 10 of the Dungeon
 22110 | D:10     | Found a stormy altar of Qazlal.
 22366 | D:10     | Offered knowledge of Freezing Cloud by Vehumet.
 22500 | D:10     | Found a portal to a secret trove of treasure.
 23069 | D:11     | Found Qets's Jewellery Boutique.
 23074 | D:11     | Bought an uncursed ring of resist corrosion for 350 gold
                  | pieces
 23164 | D:11     | Noticed Snorg
 23168 | D:11     | Killed Snorg
 23231 | D:11     | Found a gate to the Vaults.
 23612 | D:11     | Reached skill level 17 in Fire Magic
 23642 | D:11     | Found a runed translucent door.
 23642 | D:11     | Noticed petercordia2's ghost (journeyman DrTm)
 23660 | D:11     | Learned a level 6 spell: Freezing Cloud
 23988 | D:11     | Killed petercordia2's ghost
 24097 | D:12     | Entered Level 12 of the Dungeon
 24158 | D:12     | Learned a level 3 spell: Regeneration
 24177 | D:12     | Found a flagged portal.
 24216 | Bailey   | Entered a bailey
 24236 | Bailey   | Offered knowledge of Bolt of Cold by Vehumet.
 24380 | Bailey   | Identified the +0 flail "Iheuqyocria" {holy, *Corrode
                  | Int+5}
 24392 | Bailey   | Identified the +1 war axe "Orit Nas" {venom, rElec rF-
                  | Stlth+}
 24590 | D:12     | Reached skill level 1 in Charms
 24590 | D:12     | Reached skill level 1 in Necromancy
 24951 | D:12     | Found a staircase to the Depths.
 25130 | D:12     | Reached XP level 18. HP: 126/126 MP: 29/41
 25878 | Vaults:1 | Entered Level 1 of the Vaults
 25924 | Vaults:1 | Offered knowledge of Glaciate by Vehumet.
 25924 | Vaults:1 | Offered knowledge of Chain Lightning by Vehumet.
 25924 | Vaults:1 | Offered knowledge of Ignition by Vehumet.
 26338 | Vaults:1 | Noticed Nikola
 27051 | Spider:1 | Reached skill level 18 in Fire Magic
 27306 | Spider:1 | Reached skill level 5 in Charms
 27313 | Spider:1 | Reached skill level 5 in Necromancy
 29122 | Spider:2 | Reached skill level 1 in Ice Magic
 29391 | Spider:2 | Reached skill level 5 in Air Magic
 29980 | Spider:2 | Learned a level 8 spell: Ignition
 29981 | Spider:3 | Entered Level 3 of the Spider Nest
 30116 | Spider:2 | Reached XP level 19. HP: 80/131 MP: 7/42
 30338 | Spider:3 | Reached skill level 5 in Ice Magic
 31433 | Spider:3 | Got a gossamer rune of Zot
 32094 | Elf:2    | Found Cyoclah's Mayhem Merchandise.
 32453 | Elf:2    | Found Xuats's Jewellery Boutique.
 32548 | Elf:2    | Found a runed gate.
 32548 | Elf:2    | Found a runed gate.
 32548 | Elf:2    | Found a runed gate.
 32782 | Elf:2    | Found Oxton's Elven Fire.
 32819 | Elf:3    | Entered Level 3 of the Elven Halls
 32821 | Elf:3    | Reached skill level 10 in Ice Magic
 32821 | Elf:3    | Reached skill level 10 in Air Magic
 32971 | Elf:3    | Found Wimn's Antique Armour Emporium.
 33038 | Elf:3    | Reached XP level 20. HP: 136/136 MP: 25/44
 33041 | Elf:3    | Identified the cursed +0 robe "Noerud" {rC+ Dex+4} (You
                  | took it off an orc wizard on level 3 of the Elven Halls)
 33234 | Elf:3    | Found a roughly hewn altar of Beogh.
 33747 | Vaults:1 | Killed Nikola
 34351 | Vaults:1 | Found the +8 mithril axe "Arga" {speed, MR+}
 34997 | Vaults:1 | Identified the +10 scimitar "Dorah" {venom, *Rage rElec
                  | rPois rF++}
 35097 | Vaults:2 | Found a magical portal.
 35111 | WizLab   | Entered Iskenderun's Mystic Tower
 36808 | WizLab   | Identified Iskenderun's Catalogue of Indemnity
 36808 | WizLab   | Identified Iskenderun's Compendium of Conjuration
 36990 | Vaults:2 | Reached XP level 21. HP: 143/143 MP: 42/47
 37278 | Vaults:2 | Reached skill level 19 in Fire Magic
 37525 | Vaults:2 | Found a staircase to the Crypt.
 38452 | Vaults:2 | Found a runed translucent door.
 38452 | Vaults:2 | Found a shimmering altar of Xom.
 38452 | Vaults:2 | Noticed zzzzzzzz's ghost (adept DsFi)
 38608 | Vaults:2 | Learned a level 9 spell: Fire Storm
 38609 | Vaults:3 | Entered Level 3 of the Vaults
 38609 | Vaults:3 | Noticed Xtahua
 38658 | Vaults:2 | Reached skill level 20 in Fire Magic
 38844 | Crypt:1  | Entered Level 1 of the Crypt
 39518 | Depths:1 | Entered Level 1 of the Depths
 39781 | Elf:3    | Bought an embroidered hat for 231 gold pieces
 39911 | Orc      | Bought an embroidered scarf for 176 gold pieces
 40283 | Depths:1 | Found a gateway to Hell.
 40334 | Depths:1 | Found a one-way gate to the infinite horrors of the Abyss.
 40392 | Depths:1 | Reached XP level 22. HP: 148/148 MP: 33/48
 40729 | Depths:1 | Found a one-way gate leading to the halls of Pandemonium.
 41024 | Depths:1 | Found Rechyff's Gadget Shoppe.
 41024 | Depths:1 | Found Raitwir's Jewellery Shop.
 41025 | Depths:1 | Found Farem's Gadget Shoppe.
 41160 | Depths:2 | Reached skill level 21 in Fire Magic
 41594 | Depths:2 | Identified the ring of Ononem {rElec rF- Str+5 Slay+3}
 41642 | Depths:2 | Found a flickering gateway to a bazaar.
 41651 | Bazaar   | Entered a bazaar
 41651 | Bazaar   | Found Xenofuac's Jewellery Boutique.
 41707 | Bazaar   | Found Feppobru's Distillery.
 41707 | Bazaar   | Found Jaocw's General Store.
 41707 | Bazaar   | Found Ridy's Antique Armour Boutique.
 41715 | Bazaar   | Bought a potion of curing for 25 gold pieces
 41715 | Bazaar   | Bought a potion of heal wounds for 50 gold pieces
 41715 | Bazaar   | Bought a potion of heal wounds for 50 gold pieces
 41715 | Bazaar   | Bought a potion of heal wounds for 50 gold pieces
 41715 | Bazaar   | Bought a potion of heal wounds for 50 gold pieces
 41723 | Bazaar   | Bought a potion of curing for 35 gold pieces
 41744 | Bazaar   | Found Ofipp's Antique Weapon Emporium.
 42497 | Depths:2 | Found the +9 staff of Olgreb {rPois}
 42819 | Depths:2 | Reached skill level 22 in Fire Magic
 44273 | Elf:3    | Reached XP level 23. HP: 153/153 MP: 20/49
 44374 | Elf:3    | Reached skill level 23 in Fire Magic
 44764 | Elf:3    | Identified the ring "Peciy" {rElec MR- rCorr Dex+6}
 44784 | Elf:3    | Identified Kini Bac's Guide on the Dusty Oath
 44818 | Elf:3    | Identified the +3 leather armour "Damnable Contraption"
                  | {rElec rF++ Dex+3 Stlth+}
 44826 | Elf:3    | Identified the +0 leather armour "Icops" {Str+3}
 44840 | Elf:3    | Identified the +2 robe of the Present {rElec rF+}
 44864 | Elf:3    | Identified the +6 scale mail of Cuchiabb {rN++}
 45205 | Vaults:3 | Noticed Jory
 45209 | Vaults:3 | Killed from afar by Xtahua

Skill      XL: |  1  2  3  4  5  6  7  8  9 10 11 12 13 14 15 16 17 18 19 20 21 22 23 |
---------------+----------------------------------------------------------------------+-----
Spellcasting   | 3 4 8 11 12 13 15 17 18 20 | 20.7
Conjurations   | 5 6 7 9 12 13 16 17 18 19 21 22 | 22.1
Hexes          | 1 3 5 |  5.0
Dodging        | 6 10 11 12 14 15 | 15.0
Fire Magic     | 6 10 13 15 17 18 20 22 23 | 23.4
Fighting       | 5 6 8 12 | 12.0
Air Magic      | 4 5 10 | 10.0
Charms         | 2 6 |  6.0
Necromancy     | 2 6 |  6.0
Ice Magic      | 3 10 11 | 11.3
Stealth        | |  1.5

Action                   |  1- 3 |  4- 6 |  7- 9 | 10-12 | 13-15 | 16-18 | 19-21 | 22-24 || total
-------------------------+-------+-------+-------+-------+-------+-------+-------+-------++-------
Melee: Unarmed           |     1 |     2 |    11 |       |       |       |       |       ||    14
       Dagger            |       |       |       |    17 |    32 |       |       |       ||    49
       Staff             |       |       |       |       |     3 |   150 |    17 |     3 ||   173
 Cast: Magic Dart        |    55 |    52 |    85 |   108 |   104 |    66 |    16 |     3 ||   489
       Searing Ray       |     1 |    16 |    35 |    76 |    48 |    38 |    22 |     5 ||   241
       Fulminant Prism   |       |     3 |    22 |    62 |    96 |    39 |       |       ||   222
       Fireball          |       |       |     1 |    24 |    29 |    80 |    28 |     6 ||   168
       Conjure Flame     |       |       |       |     1 |       |     3 |     2 |     1 ||     7
       Mephitic Cloud    |       |       |       |     1 |     3 |     3 |       |       ||     7
       Bolt of Fire      |       |       |       |       |    73 |   203 |   140 |    30 ||   446
       Orb of Destructio |       |       |       |       |    82 |   201 |   247 |    20 ||   550
       Airstrike         |       |       |       |       |     3 |    11 |       |     2 ||    16
       Freezing Cloud    |       |       |       |       |       |     7 |    21 |    10 ||    38
       Ignition          |       |       |       |       |       |     1 |    39 |       ||    40
       Fire Storm        |       |       |       |       |       |       |    10 |    91 ||   101
       Regeneration      |       |       |       |       |       |       |       |     1 ||     1
Evoke: Wand              |       |       |       |       |     6 |    20 |     4 |     3 ||    33
       Sack of spiders   |       |       |       |       |     2 |     5 |     3 |       ||    10
       Phial of floods   |       |       |       |       |       |     3 |     1 |       ||     4
  Use: Scroll            |       |       |     2 |     4 |    22 |     4 |     3 |       ||    35
       Potion            |       |       |       |       |     1 |       |     2 |     3 ||     6
 Stab: Paralysed         |       |       |       |       |     4 |    10 |       |       ||    14
  Eat: Chunk             |       |     4 |    12 |    18 |    20 |    25 |    20 |     5 ||   104
       Ration            |       |       |       |     2 |     3 |     9 |     7 |     4 ||    25
Armor: Skin              |     1 |     4 |     8 |    20 |    24 |    95 |    25 |     5 ||   182
Dodge: Dodged            |     3 |    36 |    56 |   159 |   261 |   558 |   229 |    32 ||  1334
       Deflected         |       |       |       |       |       |    14 |    25 |     6 ||    45
Block: Other             |     1 |     5 |    14 |    58 |    69 |   232 |   120 |    16 ||   515
